 Dungeon Crawl Stone Soup version 0.28-a0-1555-g9ae15a6949 (webtiles) character file.

Game seed: 9236771294421374930

186 issech the Ducker (level 5, -3/53 HPs)
             Began as a Troll Fighter on Jan 18, 2022.
             Killed by divine providence
             ... invoked by an orc priest
              (10 damage)
             ... on level 4 of the Dungeon.
             The game lasted 00:14:35 (2854 turns).

issech the Ducker (Troll Fighter)                   Turns: 2854, Time: 00:14:36

Health: -3/53      AC:  4    Str: 26    XL:     5   Next: 38%
Magic:  13/13      EV:  9    Int:  4    God:
Gold:   142        SH:  0    Dex:  9    Spells: 4/4 levels left

rFire   . . .      SeeInvis +   a - +0 flail
rCold   . . .      Faith    .   c - +0 kite shield
rNeg    . . .      Spirit   .   m - +0 animal skin
rPois   .          Reflect  .   (helmet restricted)
rElec   .          Harm     .   (no cloak)
rCorr   .          Rampage  .   (gloves unavailable)
Will    .....                   (boots unavailable)
Stlth   +.........              (no amulet)
HPRegen 0.97/turn               t - ring of magical power
MPRegen 0.13/turn               A - ring of see invisible

@: confused, mighty
A: large, unfitting armour, claws 3, regeneration 1, shaggy fur 1, tough skin 1
a: no special abilities


You were on level 4 of the Dungeon.
You visited 1 branch of the dungeon, and saw 4 of its levels.

You collected 142 gold pieces.

Inventory:

Hand Weapons
 a - a +0 flail (weapon)
 y - a +0 short sword of flaming
 O - a +0 hunting sling
Missiles
 h - 118 stones (quivered)
 l - 70 bolts
 o - 12 arrows
 w - 7 sling bullets
Armour
 c - a +0 kite shield (worn)
 m - a +0 animal skin (worn)
Jewellery
 r - a ring of ice
 t - a ring of magical power (left claw)
 A - a ring of see invisible (right claw)
 F - a ring of ice
Wands
 z - a wand of paralysis (9)
Scrolls
 g - a scroll of amnesia {unknown}
 j - a scroll of silence {unknown}
 k - 3 scrolls of teleportation {unknown}
 n - a scroll of fog
 q - a scroll of holy word {unknown}
 u - a scroll of identify
 D - a scroll of immolation {unknown}
Potions
 f - a potion of flight {unknown}
 i - a potion of attraction {unknown}
 p - a potion of curing {unknown}
 v - a potion of brilliance {unknown}
 G - a potion of degeneration {unknown}
 L - 2 potions of haste


   Skills:
 + Level 3.0 Fighting
 + Level 3.2 Maces & Flails
 + Level 3.2 Dodging
 + Level 0.4 Stealth
 + Level 3.0 Shields


You had 4 spell levels left.
You didn't know any spells.
Your spell library was empty.

Dungeon Overview and Level Annotations

Branches:
Dungeon (4/15)
 Temple: D:4-7

Altars:
Dithmenos
Yredelemnul

Shops:
D:3 ([:(

Annotations:
D:4 Sigmund


Innate Abilities, Weirdness & Mutations

You are too large for most types of armour.
You have claws for hands.
Your natural rate of healing is unusually fast.
You are covered in fur. (AC +1)
You have tough skin. (AC +1)


Message History

Items here: ))) [ †.
Okay, then.
You drop a +0 dagger.
You drop a +0 mace.
You drop a +0 club.
Okay, then.
Sigmund the Dreaded comes into view.
He is wielding a +4 scythe of protection.
Found a shadowy altar of Dithmenos.
Found 19 stones.
An orc priest comes into view. It is wielding a +0 mace.
You feel very mighty all of a sudden. Sigmund closely misses you.
Sigmund hits you with a +4 scythe of protection!
You barely miss Sigmund.
The orc priest calls down the wrath of Beogh upon you.
Beogh smites you!
You hear a shout! x2
You sock Sigmund!
Sigmund is heavily wounded.
Sigmund casts a spell at you.
You are confused.
Sigmund closely misses you.
You're too confused to move!
The orc priest casts a cantrip, but nothing happens.
Sigmund says, "Your kind have come here before.
I understand now why.
You desire death..."
Sigmund hits you with a +4 scythe of protection!
The orc priest calls down the wrath of Beogh upon you.
Beogh smites you!
* * * LOW HITPOINT WARNING * * *
An orc comes into view. It is wielding a +0 short sword.
Unknown command.
You barely miss Sigmund.
Sigmund is heavily wounded.
Sigmund gestures at you while chanting. The puff of flame hits you.
* * * LOW HITPOINT WARNING * * *
An orc comes into view. It is wielding a +0 flail.
The orc priest mumbles some strange prayers to Beogh against you.
Beogh smites you!
You die...

## .... .## ..# ....
.. .... ..# o. .....
#.##o .....##...
.........######### .#
.........##.#....#o...
.......<.†....@o.o.#
.......#.#)...@....#
....######.##.........
... ####..#.....# #
...#.....# #...#...(.#
#.... ....#
#.#._.#...# #. ...


You could see Sigmund, an orc priest and 2 orcs.

Vanquished Creatures
  Natasha (thrice) (D:3)
  Robin (D:3)
  4 adders
  2 adder skeletons
  2 worms
  6 orcs
  5 ball pythons
  3 bats
  A giant cockroach (D:1)
  10 goblins
  4 hobgoblins (D:3)
  2 quokkas (D:2)
  5 kobolds
  3 rats
51 creatures vanquished.

Notes
Turn   | Place    | Note
-------+----------+-------------------------------------------
     0 | D:1      | issech the Troll Fighter began the quest for the Orb.
     0 | D:1      | Reached XP level 1. HP: 22/22 MP: 0/0
   636 | D:2      | You fall into a shaft and drop 2 floors!
   636 | D:4      | Found a basalt altar of Yredelemnul.
   642 | D:4      | Reached XP level 2. HP: 29/29 MP: 1/1
   738 | D:4      | Reached XP level 3. HP: 33/36 MP: 2/2
   880 | D:3      | Noticed Natasha
   890 | D:3      | Killed Natasha
   897 | D:3      | Found Olirixu's Weapon Boutique.
   933 | D:3      | Reached XP level 4. HP: 41/44 MP: 3/3
   946 | D:3      | Found Jogets's Book Shop.
  1344 | D:3      | Noticed Natasha
  1345 | D:3      | Found Ocitsapn's Antique Armour Shoppe.
  1353 | D:3      | Killed Natasha
  1378 | D:3      | Found Zuewe's Antique Weapon Emporium.
  1407 | D:3      | Noticed Natasha
  1415 | D:3      | Killed Natasha
  1550 | D:3      | Noticed Robin
  1572 | D:3      | Reached XP level 5. HP: 14/53 MP: 4/4
  1576 | D:3      | Killed Robin
  2844 | D:4      | Noticed Sigmund
  2845 | D:4      | Found a shadowy altar of Dithmenos.
  2854 | D:4      | Killed from afar by an orc priest

Illustrated notes

Levels and vault maps discovered:
D:1:      psy_arrival_fountain, layout_basic, roderic_malta_cross
D:2:      layout_basic, chequers_serial_rivers_room_b
D:3:      layout_basic, serial_shops, nicolae_shop_advertising_works
          [nicolae_subvault_shop_adworks], nicolae_shop_stone, shop,
          nicolae_shop_stone, nrook_loot_triangle, nicolae_figureground_sparkle,
          uniq_natasha, uniq_robin
D:4:      layout_cave_pools, mainiacjoe_overflow_tiny_flanked,
          mainiacjoe_overflow_alcove_2, mainiacjoe_overflow_large_starburst,
          minmay_between, uniq_sigmund

Skill      XL: |  1  2  3  4  5 |
---------------+----------------+-----
Maces & Flails | 2 3 |  3.2
Dodging        | 3 |  3.2
Shields        | 3 |  3.0
Fighting       | 3 |  3.0
Stealth        | |  0.4

Action                   |  1- 3 |  4- 6 || total
-------------------------+-------+-------++-------
Melee: Flail             |    64 |   132 ||   196
Throw: Stone             |       |     4 ||     4
  Use: Scroll            |       |     2 ||     2
       Potion            |       |     1 ||     1
Armor: Robe              |    27 |    24 ||    51
       Animal skin       |       |    12 ||    12
Dodge: Dodged            |    22 |    57 ||    79
Block: Kite shield       |    23 |    70 ||    93

Table legend: (Time is in decaauts)
 A = Elapsed time spent in this place.
 B = Non-inter-level travel time spent in this place.
 C = Inter-level travel time spent in this place.
 D = Time resting spent in this place.
 E = Time spent auto-exploring this place.
 F = Levels seen in this place.
 G = Mean time per level.
                   A        B        C        D        E       F      G
               +--------+--------+--------+--------+--------+-----+--------+
         Total |   2953 |   2934 |     19 |      0 |   1556 |   4 |  738.2 |
       Dungeon |   2953 |   2934 |     19 |      0 |   1556 |   4 |  738.2 |
               +--------+--------+--------+--------+--------+-----+--------+

Top non-repeatable levels by time:
     D:3: 1390 daAuts
     D:2: 762 daAuts
     D:1: 614 daAuts
     D:4: 187 daAuts
